 Dungeon Crawl Stone Soup version 0.24-a0-422-g9eff389 (webtiles) character file.

Game seed: 16954415454145121774

123 MatthieuS the Conjurer (level 4, -6/33 HPs)
             Began as a Draconian Conjurer on June 12, 2019.
             Killed from afar by an orc wizard (9 damage)
             ... with a magic dart
             ... on level 3 of the Dungeon.
             The game lasted 00:03:47 (3513 turns).

MatthieuS the Conjurer (Draconian Conjurer)         Turns: 3513, Time: 00:03:48

Health: -6/33      AC:  6    Str: 11    XL:     4   Next: 80%
Magic:  1/9        EV: 12    Int: 16    God:
Gold:   104        SH:  0    Dex: 11    Spells: 4/10 levels left

rFire    . . .     SeeInvis .   a - +2 dagger (venom)
rCold    . . .     Gourm    .   (no shield)
rNeg     . . .     Faith    +   (armour unavailable)
rPois    .         Spirit   .   (helmet restricted)
rElec    .         Reflect  .   (no cloak)
rCorr    .         Harm     .   (no gloves)
MR       .....                  b - +0 pair of boots
Stlth    ++........             l - amulet of faith {!P}
HPRegen  0.11/turn              (no ring)
MPRegen  0.11/turn              (no ring)

@: no status effects
A: unfitting armour, cold-blooded, AC +5
a: no special abilities


You were on level 3 of the Dungeon.
You were hungry.

You visited 1 branch of the dungeon, and saw 4 of its levels.

You collected 104 gold pieces.

Inventory:

Hand Weapons
 a - a +2 dagger of venom (weapon)
   (You took it off an orc on level 3 of the Dungeon)
Armour
 b - a +0 pair of boots (worn)
   (You found it on level 2 of the Dungeon)
Jewellery
 l - an amulet of faith (around neck) {!P}
   (You found it on level 2 of the Dungeon)
Scrolls
 i - a scroll of magic mapping {unknown}
 k - a scroll of remove curse {unknown}
 m - 2 scrolls of teleportation {unknown}
 o - 3 scrolls of identify {unknown}
Potions
 d - a potion of flight {unknown}
 f - a potion of magic {unknown}
 g - 2 potions of curing {@q1}
 h - a potion of agility {unknown}
 j - a potion of degeneration {unknown}
 n - a potion of berserk rage {unknown}
Comestibles
 c - 8 chunks of flesh
 e - 3 rations


   Skills:
 - Level 1.7 Dodging
 - Level 1.7 Stealth
 + Level 3.6 Spellcasting
 + Level 5.2 Conjurations


You had 4 spell levels left.
You knew the following spells:

 Your Spells              Type           Power        Failure   Level  Hunger
a - Magic Dart            Conj           ###.         1%          1    None
b - Searing Ray           Conj           ###...       3%          2    ##.....
c - Dazzling Spray        Conj/Hex       ##....       19%         3    ###....

Your spell library contained the following spells:

 Spells                   Type           Power        Failure   Level  Hunger
 Iskenderun's Mystic Bla  Conj           ###.....     21%         4    ####...
 Force Lance              Conj/Tloc      ##......     52%         4    ####...
 Fulminant Prism          Conj/Hex       ##........   52%         4    ####...


Dungeon Overview and Level Annotations

Branches:
Dungeon (4/15)
 Temple: D:4-7

Altars:


Innate Abilities, Weirdness & Mutations

Your plain brown scales are hard. (AC +5)
You cannot fit into any form of body armour.
You are cold-blooded and may be slowed by cold attacks.


Message History

Something hits you but does no damage.
The searing ray hits something. (Press . to maintain the ray.)
Something hits you.
The searing ray misses the hobgoblin.
The searing ray hits the kobold.
You kill the kobold!
Something hits you but does no damage. Something hits you but does no damage.
The searing ray hits something.
Something hits you.
The searing ray hits the hobgoblin.
The searing ray hits something!
You finish channeling your searing ray.
Something barely misses you.
You hear some strange, mumbled words.
A puff of flame appears from out of thin air!
The puff of flame hits you.
Unknown command.
Something hits you but does no damage.
You miss something.
You hear some strange, mumbled words.
A puff of frost appears from out of thin air!
The puff of frost hits you!
* * * LOW HITPOINT WARNING * * *
Something hits you but does no damage.
You miss something. Something hits you but does no damage.
You hit something. Something hits you but does no damage.
Something hits you but does no damage.
The searing ray hits the hobgoblin but does no damage. (Press . to maintain the ray.)
Something hits you.
* * * LOW HITPOINT WARNING * * *
The searing ray hits something but does no damage.
Something hits you.
* * * LOW HITPOINT WARNING * * *
You hear some strange, mumbled words.
A magic dart appears from out of thin air!
The magic dart hits you!
* * * LOW HITPOINT WARNING * * *
The searing ray hits the hobgoblin.
You kill the hobgoblin!
Reactivating autopickup.
You feel a bit more experienced.
Unknown command.
You hear some strange, mumbled words.
Deactivating autopickup; reactivate with Ctrl-A.
Something tries to affect you, but you resist.
A magic dart appears from out of thin air!
The magic dart hits you!
You die...

##### #...# ##### #...# ###...#
#...# ...#.## ##########...######
..... .............'..... #.#.#
####...##...#....#
#.##.#.##########...######...)#
#>....†)).{...@.'...'....+....'
.....).#†##########...######...)#
#........# #...# ######
....#.##.# ##### # ..###. #.# # .
#. #.# .. #.. .. ...


There were no monsters in sight!

Vanquished Creatures
  An orc wizard (D:3)
  2 adders (D:2)
  2 oozes
  6 orcs
  2 ball pythons
  8 bats
  A giant cockroach (D:2)
  8 goblins
  12 hobgoblins
  A quokka (D:4)
  2 frilled lizards
  9 kobolds
  4 rats
58 creatures vanquished.

Notes
Turn   | Place    | Note
-------+----------+-------------------------------------------
     0 | D:1      | MatthieuS the Draconian Conjurer began the quest for the
                  | Orb.
     0 | D:1      | Reached XP level 1. HP: 14/14 MP: 3/3
   252 | D:1      | Reached XP level 2. HP: 14/20 MP: 0/5
   349 | D:1      | Learned a level 2 spell: Searing Ray
  1595 | D:1      | Reached XP level 3. HP: 26/26 MP: 1/7
  2743 | D:2      | Reached XP level 4. HP: 33/33 MP: 3/8
  2879 | D:3      | You fall into a shaft and drop 1 floor!
  2998 | D:4      | Learned a level 3 spell: Dazzling Spray
  3290 | D:3      | Reached skill level 5 in Conjurations
  3513 | D:3      | Killed from afar by an orc wizard

Levels and vault maps discovered:
D:1:      dpeg_arrival_signposts, layout_basic, roderic_st_hans_cross,
          serial_bayou_crossing
D:2:      layout_loops_corners, first_ration
D:3:      layout_basic
D:4:      layout_basic, minmay_temple_entry_fiery, serial_shops, shop

Skill      XL: |  1  2  3  4 |
---------------+-------------+-----
Spellcasting   | 3 |  3.6
Conjurations   | 5 |  5.2
Dodging        | |  1.7
Stealth        | |  1.7

Action                   |  1- 3 |  4- 6 || total
-------------------------+-------+-------++-------
Melee: Unarmed           |    24 |    14 ||    38
       Tailslap          |     1 |     4 ||     5
       Dagger            |       |    19 ||    19
 Cast: Magic Dart        |    79 |    18 ||    97
       Searing Ray       |       |     3 ||     3
  Use: Potion            |       |     2 ||     2
  Eat: Chunk             |     5 |     3 ||     8
Armor: Skin              |     7 |    26 ||    33
Dodge: Dodged            |    13 |    51 ||    64

Table legend:
 A = Non-vault XP
 B = Vault XP
 C = Vault XP percentage of total XP
 D = Non-vault monster count
 E = Vault monster count
 F = Vault count percentage of total count
                 A         B        C        D         E       F
            +---------+---------+-------+---------+---------+-------
      Total |     177 |       0 |   0.0 |      58 |       0 |   0.0
            +---------+---------+-------+---------+---------+-------
        D:1 |      52 |       0 |   0.0 |      28 |       0 |   0.0
        D:2 |      55 |       0 |   0.0 |      15 |       0 |   0.0
        D:3 |      63 |       0 |   0.0 |      11 |       0 |   0.0
        D:4 |       7 |       0 |   0.0 |       4 |       0 |   0.0
            +---------+---------+-------+---------+---------+-------
